cohdb
Replays
Latest Replays
All Replays
Popular Replays
Top Player Replays
Match Explorer
How It Works
Community
CoH3 Stats
Reddit
Sign in to upload your games and track your stats! →
Sign in with Steam
Match 45267264
Unlisted
Match 45267264
Overview
Messages
Build Orders
End
Kettenkrad Recon Vehicle
Construct Infanterie Kompanie
MG 42 Machine Gun Team
Grenadier Squad
MG 42 Machine Gun Team
Medical Station
Construct Luftwaffe Kompanie
Grenadier Squad
Selects Terror Battlegroup
Selects Machine Gun Camouflage
Support Elements
MG 42 Bunker
Jäger Squad
Wirbelwind Flakpanzer
MG 42 Bunker
Selects Defend the Fatherland
Construct Panzer Kompanie
Jäger Squad
Panzer IV Medium Tank
Selects Interrogate
Selects Propaganda Leaflet Drop
Propaganda Leaflet Drop
[@TaNkz] iOwn4FaMe
[@TaNkz] KingDuCe
SneaKerz
gb_gbg
0
0
Comments
sign in to comment!
No comments posted yet!